 Dungeon Sprint DCSS version 0.29.1-2-gbd0b4ee654 (webtiles) character file.

Game seed: 16285896070271039926

4000000 Groucho the Intangible (level 18, -47/127 HPs)
             Began as a Spriggan Abyssal Knight on Nov 28, 2022.
             Was the Champion of Makhleb.
             Annihilated by a destroyer
             ... wielding a +9 vorpal great sword
              (121 damage)
             ... in the Dungeon (Sprint VIII: "Arena of Blood").
             The game lasted 00:01:56 (40 turns).

Groucho the Intangible (Spriggan Abyssal Knight)      Turns: 40, Time: 00:01:57

Health: -47/127    AC:  4    Str:  9    XL:     18   Next: 85%
Magic:  20/36      EV: 46    Int: 12    God:    Makhleb [******]
Gold:   0          SH:  0    Dex: 23    Spells: 17/17 levels left

rFire   . . .      SeeInvis +   i - +∞ Axe of Woe
rCold   . . .      Faith    .   (shield currently unavailable)
rNeg    . . .      Spirit   .   b - +0 robe
rPois   .          Reflect  .   (helmet restricted)
rElec   .          Harm     .   (no cloak)
rCorr   .          Rampage  .   (gloves unavailable)
Will    +++..      NoTele   +   (boots unavailable)
Stlth   ++........              (no amulet)
HPRegen 0.31/turn               (no ring)
MPRegen 0.25/turn               (no ring)

@: very quick
A: very small, no large weapons, unfitting armour, see invisible, speed 3
a: Renounce Religion, Minor Destruction, Lesser Servant of Makhleb, Major
Destruction, Greater Servant of Makhleb


You were in the Dungeon.
You worshipped Makhleb.
Makhleb was exalted by your worship.
You visited 1 branch

Inventory:

Hand Weapons
 a - a +1 hand axe
 i - the +∞ Axe of Woe (weapon)
   (You found it in the Dungeon)
Armour
 b - a +0 robe (worn)
Scrolls
 h - a scroll of blinking
Potions
 c - a potion of curing
 d - a potion of heal wounds
 e - a potion of haste
 f - 2 potions of magic
 g - a potion of berserk rage


   Skills:
 O Level 27 Fighting
 + Level 5.6(6.7) Short Blades
 + Level 4.2(5.1) Long Blades
 O Level 27 Axes
 O Level 27 Armour
 O Level 27 Dodging
 O Level 27 Invocations


You had 17 spell levels left.
You didn't know any spells.
Your spell library was empty.

Dungeon Overview and Level Annotations

Branches:
Dungeon (1/1)

Altars:
Makhleb


Innate Abilities, Weirdness & Mutations

You are very small and have problems with some larger weapons.
You are too small for most types of armour.
You have supernaturally acute eyesight. (SInv)
You cover ground extremely quickly. (Speed+++)


Message History

The destroyer blinks!
You hear a shout! x5
A bag of meat comes into view. It is wielding a +9 war axe. x2
You hear a shout! x2; You hear two shouts!
Your Armour skill gained 10 levels and is now at level 23!
You have reached level 18!
Unknown command.
You hit the large bag of meat.
Flame seeps out of the large bag of meat.
You hew the large bag of meat savagely.
Makhleb accepts your kill.
You slash the bag of meat!
You hew the bag of meat savagely.
You kill the bag of meat!
Makhleb accepts your kill.
You hit the bag of meat.
You butcher the bag of meat messily.
You kill the bag of meat!
Makhleb accepts your kill.
The large bag of meat explodes!
The fiery explosion engulfs the bag of meat!!
The fiery explosion engulfs you!!
You are engulfed in blazing flames.
You hear a shout!
The destroyer points at you and mumbles some strange words.
The destroyer blinks!
You have mastered Armour!
You need to enable at least one skill for training.
Your base Short Blades skill gained 5 levels and is now at level 5!
Your base Long Blades skill gained 4 levels and is now at level 4!
Unknown command.
The sculptor of flesh appears out of thin air!
A sculptor of flesh comes into view. It is wielding a +9 great sword.
You are engulfed in blazing flames.
You hear a shout!
A meat berserker comes into view. It is wielding a +9 battleaxe.
You hear a shout! x9
The meat berserker rages.
You hear a shout!
The destroyer is engulfed in blazing flames.
The destroyer hits you with a +9 vorpal great sword!!!!
Ouch! That really hurt!
You die...

.. .... .. .....
#. ...# #.§ ...#
. .###..
...###..
.o....###....o.V
......._O§..V.V.
#O.)zV# #_)@V_#
#.§o§)#
......§.....
......###......
.###.. ..z###..
#.. ...# . #..
...# .. .....


You could see 3 destroyers, 2 sculptors of flesh, 2 meat berserkers and 3 bags
of meat.

Vanquished Creatures
  2 vampire knights (D)
  5 ogres (D)
  A two-headed ogre (D)
  20 orcs (D)
28 creatures vanquished.

Notes
Turn   | Place    | Note
-------+----------+-------------------------------------------
     0 | D        | Found the +∞ Axe of Woe
     0 | D        | Groucho the Spriggan Abyssal Knight began the quest for the
                  | Orb.
     0 | D        | Reached XP level 1. HP: 11/11 MP: 3/3
     0 | D        | Noticed a meat berserker
     1 | D        | Noticed a bag of meat
     4 | D        | Fell from the grace of Lugonu
     4 | D        | Became a worshipper of Makhleb the Destroyer
     4 | D        | Noticed a bag of meat
     4 | D        | Noticed a bag of meat
     5 | D        | Noticed a bag of meat
     5 | D        | Noticed a bag of meat
     5 | D        | Noticed a bag of meat
     7 | D        | Noticed a bag of meat
     7 | D        | Noticed a bag of meat
     8 | D        | Killed a bag of meat
     9 | D        | Reached skill level 15 in Axes
     9 | D        | Reached XP level 2. HP: 16/16 MP: 4/4
     9 | D        | Reached XP level 3. HP: 19/19 MP: 5/5
     9 | D        | Reached XP level 4. HP: 23/23 MP: 6/6
     9 | D        | Reached XP level 5. HP: 27/27 MP: 7/7
     9 | D        | Reached XP level 6. HP: 32/32 MP: 8/8
     9 | D        | Reached XP level 7. HP: 35/35 MP: 9/9
     9 | D        | Reached XP level 8. HP: 39/39 MP: 10/10
     9 | D        | Reached XP level 9. HP: 43/43 MP: 11/11
     9 | D        | Reached XP level 10. HP: 47/47 MP: 12/12
     9 | D        | Killed a meat berserker
     9 | D        | Reached * piety under Makhleb
    10 | D        | Reached skill level 27 in Dodging
    10 | D        | Reached XP level 11. HP: 51/51 MP: 13/13
    10 | D        | Reached XP level 12. HP: 56/56 MP: 14/14
    10 | D        | Killed a bag of meat
    10 | D        | Noticed a bag of meat
    11 | D        | Reached XP level 13. HP: 59/59 MP: 15/15
    11 | D        | Noticed a bag of meat
    12 | D        | Killed a bag of meat
    12 | D        | Killed a bag of meat
    12 | D        | Reached ** piety under Makhleb
    12 | D        | Killed a bag of meat
    13 | D        | Reached XP level 14. HP: 63/63 MP: 16/16
    13 | D        | Noticed a bag of meat
    14 | D        | Killed a bag of meat
    14 | D        | Killed a bag of meat
    14 | D        | Reached *** piety under Makhleb
    14 | D        | Noticed a meat berserker
    15 | D        | Reached skill level 27 in Axes
    15 | D        | Killed a bag of meat
    17 | D        | Noticed a bag of meat
    18 | D        | Killed a bag of meat
    19 | D        | Reached skill level 15 in Fighting
    19 | D        | Reached XP level 15. HP: 90/90 MP: 16/25
    20 | D        | Reached **** piety under Makhleb
    21 | D        | Killed a meat berserker
    21 | D        | Noticed a meat berserker
    23 | D        | Noticed a destroyer
    25 | D        | Reached XP level 16. HP: 106/106 MP: 17/30
    25 | D        | Noticed a meat berserker
    27 | D        | Killed a meat berserker
    27 | D        | Reached ***** piety under Makhleb
    28 | D        | Noticed a meat berserker
    31 | D        | Killed a meat berserker
    31 | D        | Noticed a destroyer
    33 | D        | Noticed a large bag of meat
    33 | D        | Noticed a destroyer
    34 | D        | Reached skill level 27 in Fighting
    34 | D        | Reached XP level 17. HP: 121/121 MP: 18/34
    34 | D        | Noticed a destroyer
    35 | D        | Killed a meat berserker
    36 | D        | Reached skill level 27 in Invocations
    36 | D        | Noticed a meat berserker
    36 | D        | Noticed a meat berserker
    37 | D        | Noticed a destroyer
    38 | D        | Noticed a meat berserker
    38 | D        | Noticed a sculptor of flesh
    38 | D        | Killed a destroyer
    38 | D        | Reached ****** piety under Makhleb
    38 | D        | Killed a destroyer
    39 | D        | Reached XP level 18. HP: 127/127 MP: 19/36
    39 | D        | Killed a large bag of meat
    40 | D        | Reached skill level 27 in Armour
    40 | D        | Reached skill level 5 in Short Blades
    40 | D        | Noticed a meat berserker
    40 | D        | Annihilated by a destroyer

Illustrated notes

Levels and vault maps discovered:
D:        meatsprint

Skill      XL: |  1  2  3  4  5  6  7  8  9 10 11 12 13 14 15 16 17 18 |
---------------+-------------------------------------------------------+-----
Axes           | 15 20 22 26 27 | 27.0
Dodging        | 23 27 | 27.0
Fighting       | 15 21 27 | 27.0
Invocations    | 12 18 24 27 | 27.0
Armour         | 23 27 | 27.0
Short Blades   | 5 |  5.6
Long Blades    | 4 |  4.2

Action                   |  1- 3 |  4- 6 |  7- 9 | 10-12 | 13-15 | 16-18 || total
-------------------------+-------+-------+-------+-------+-------+-------++-------
Melee: Broad axe         |     1 |       |       |     2 |     8 |     7 ||    18
Dodge: Dodged            |     1 |       |       |       |     1 |       ||     2
